 Dungeon Crawl Stone Soup version 0.24-a0-375-g4de66ed42b (webtiles) character file.

Game seed: 13807935321949261911

3758 Holzbalken the Spear-Bearer (level 9, -1/106 HPs)
             Began as a Demonspawn Gladiator on May 31, 2019.
             Was a Believer of Qazlal.
             Succumbed to a killer bee's poison
             ... on level 8 of the Dungeon.
             The game lasted 00:36:26 (8489 turns).

Holzbalken the Spear-Bearer (Demonspawn Gladiator)  Turns: 8489, Time: 00:36:27

Health: -1/106     AC: 24    Str: 17    XL:     9   Next: 94%
Magic:  13/13      EV:  2    Int: 10    God:    Qazlal [**....]
Gold:   392        SH:  3    Dex: 17    Spells: 8/8 levels left

rFire    . . .     SeeInvis +   v - +0 scythe
rCold    . . .     Gourm    .   (shield currently unavailable)
rNeg     + + +     Faith    .   (armour currently unavailable)
rPois    +         Spirit   .   (helmet currently unavailable)
rElec    .         Reflect  .   (cloak currently unavailable)
rCorr    .         Harm     .   (gloves currently unavailable)
MR       .....     NoTele   +   (boots currently unavailable)
Stlth    +.........             (no amulet)
HPRegen  0.27/turn              u - ring of see invisible
MPRegen  0.13/turn              w - +2 ring of dexterity

@: lethally poisoned (-1 -> -8), tree-form
A: powered by pain 2, flame cloud immunity
a: Upheaval, Renounce Religion


You were on level 8 of the Dungeon.
You worshipped Qazlal.
Qazlal was pleased with you.
You were very hungry.
You were a tree.
You visited 2 branches of the dungeon, and saw 9 of its levels.

You collected 392 gold pieces.

Inventory:

Hand Weapons
 a - a +1 trident
 e - a +0 halberd
 v - a +0 scythe (weapon)
Missiles
 d - 4 throwing nets (quivered)
Armour
 g - a +0 chain mail
 r - a +0 scale mail (melded)
 A - a +1 plate armour
Jewellery
 u - a ring of see invisible (left branch)
 w - a +2 ring of dexterity (right branch)
Wands
 s - a wand of polymorph (1)
Scrolls
 h - 2 scrolls of enchant weapon
 i - 4 scrolls of remove curse
 j - 2 scrolls of identify
 l - 2 scrolls of blinking
 p - 4 scrolls of teleportation
 y - a scroll of brand weapon {unknown}
Potions
 b - a potion of flight
 c - 3 potions of cancellation
 k - a potion of ambrosia {unknown}
 o - a potion of berserk rage {unknown}
 q - 3 potions of agility
 t - 2 potions of haste
 B - a potion of magic
Comestibles
 f - 13 rations


   Skills:
 + Level 6.4 Fighting
 + Level 9.6 Polearms
 - Level 1.7 Throwing
 + Level 5.5 Armour
 - Level 2.6 Dodging
 + Level 6.6 Invocations


You had 8 spell levels left.
You didn't know any spells.
Your spell library contained the following spells:

 Spells                   Type           Power        Failure   Level  Hunger
 Summon Small Mammal      Summ           #...         36%         1    ##.....
 Call Imp                 Summ           #.......     50%         2    ###....
 Call Canine Familiar     Summ           #.......     75%         3    ####...
 Summon Guardian Golem    Hex/Summ       #.......     75%         3    ####...
 Summon Ice Beast         Ice/Summ       #.......     98%         4    #####..
 Summon Lightning Spire   Summ/Air       #.......     98%         4    #####..


Dungeon Overview and Level Annotations

Branches:
Dungeon (8/15)             Temple (1/1) D:4
   Lair: D:8-11

Altars:
Ashenzari
Cheibriados
Dithmenos
Elyvilon
Fedhas
Gozag
Hepliaklqana
Kikubaaqudgha
Makhleb
Nemelex Xobeh
Qazlal
Ru
Trog
Uskayaw
Vehumet
Wu Jian
Xom
Yredelemnul
Zin
The Shining One

Shops:
D:6 *


Innate Abilities, Weirdness & Mutations

((You have a pair of antennae on your head.))
((You are partially covered in thin metallic scales. (AC +2)))
((Your flesh is heat resistant. (rF+)))
You sometimes gain power by taking damage.
You are immune to clouds of flame.


Message History

You feel sick.
The killer bee stings you but does no damage. x3
You slash the killer bee!
The killer bee is almost dead.
* * * LOW HITPOINT WARNING * * *
You feel sick. You block the killer bee's attack.
The killer bee stings you but does no damage. x2
You miss the killer bee.
The killer bee is almost dead.
* * * LOW HITPOINT WARNING * * *
You feel sick.
The killer bee stings you but does no damage. x3
You closely miss the killer bee.
The killer bee is almost dead.
* * * LOW HITPOINT WARNING * * *
You feel sick.
The killer bee stings you but does no damage. x3
You miss the killer bee.
The killer bee is almost dead.
You die...

##.# ## #..# ..###
##..### ....####
##.....#
###....#######
###..##....#
###........### ##..###
###.# ##............#
##..## #
#.............####..##
##...........yy♣.)..#
#............##....#
##..........####...#
##........## ##...#
#........# #....#
##......## #....#
##...### #....# #####
######


You could see 2 killer bees.

Vanquished Creatures
  A two-headed ogre (D:7)
  Sigmund (D:5)
  Menkaure (D:7)
  3 sky beasts (D:7)
  3 ice beasts
  A necrophage (D:6)
  4 ogres
  2 phantoms (D:7)
  A centaur (D:8)
  A big kobold (D:8)
  4 bullfrogs
  5 killer bees (D:8)
  A howler monkey (D:5)
  3 crimson imps
  4 orc priests
  A hound (D:5)
  A bullfrog zombie (D:5)
  2 jellies
  4 orc wizards
  2 iguanas (D:5)
  7 worker ants
  A hound skeleton (D:5)
  A worker ant zombie (D:8)
  Robin (D:4)
  2 howler monkey zombies (D:6)
  13 adders
  6 gnolls
  2 shadow imps
  2 worms
  2 dart slugs
  4 leopard geckos
  13 orcs
  12 bats
  4 giant cockroaches
  13 goblins
  4 hobgoblins
  4 jackals (D:4)
  9 kobolds
  A quokka (D:5)
  2 frilled lizards
  2 quokka skeletons
  4 rats
154 creatures vanquished.

Vanquished Creatures (others)
  An orc wizard (D:4)
1 creature vanquished.

Grand Total: 155 creatures vanquished

Notes
Turn   | Place    | Note
-------+----------+-------------------------------------------
     0 | D:1      | Holzbalken the Demonspawn Gladiator began the quest for the
                  | Orb.
     0 | D:1      | Reached XP level 1. HP: 16/16 MP: 1/1
    31 | D:1      | Reached skill level 3 in Polearms
   118 | D:1      | Gained mutation: You have a pair of small antennae on your
                  | head. [demonic ancestry]
   118 | D:1      | Reached XP level 2. HP: 22/22 MP: 2/2
   641 | D:2      | Found a stormy altar of Qazlal.
   641 | D:2      | Noticed an air elemental
   644 | D:2      | Noticed a fire elemental
   644 | D:2      | Noticed a water elemental
   644 | D:2      | Noticed an earth elemental
   653 | D:2      | Reached XP level 3. HP: 25/27 MP: 3/3
   659 | D:2      | Became a worshipper of Qazlal Stormbringer
   683 | D:2      | Reached skill level 4 in Polearms
  1040 | D:2      | Gained mutation: You have a pair of antennae on your head.
                  | [demonic ancestry]
  1040 | D:2      | Reached XP level 4. HP: 32/33 MP: 4/4
  1318 | D:2      | Found a shadowy altar of Dithmenos.
  1385 | D:2      | Found a hazy altar of Hepliaklqana.
  1872 | D:3      | Reached skill level 5 in Polearms
  2053 | D:3      | Gained mutation: You sometimes gain a little power by
                  | taking damage. [demonic ancestry]
  2053 | D:3      | Reached XP level 5. HP: 35/38 MP: 5/5
  2681 | D:4      | Found a shimmering altar of Xom.
  2682 | D:4      | Found a shimmering altar of Xom.
  2685 | D:4      | Found a shimmering altar of Xom.
  2686 | D:4      | Found a shimmering altar of Xom.
  2875 | D:4      | Noticed Robin
  2887 | D:4      | Killed Robin
  2887 | D:4      | Reached skill level 6 in Polearms
  2986 | D:4      | Found a staircase to the Ecumenical Temple.
  2997 | Temple   | Entered the Ecumenical Temple
  3001 | D:4      | Noticed an ogre
  3011 | D:4      | Killed an ogre
  3011 | D:4      | Reached * piety under Qazlal
  3011 | D:4      | Gained mutation: Your flesh is heat resistant. (rF+)
                  | [demonic ancestry]
  3011 | D:4      | Reached XP level 6. HP: 33/44 MP: 6/6
  3545 | D:4      | Reached skill level 7 in Polearms
  3928 | D:5      | Entered Level 5 of the Dungeon
  4001 | D:5      | Gained mutation: You are partially covered in thin metallic
                  | scales. (AC +2) [demonic ancestry]
  4001 | D:5      | Reached XP level 7. HP: 30/50 MP: 7/7
  4447 | D:5      | Noticed Sigmund
  4450 | D:5      | Killed Sigmund
  4450 | D:5      | Reached skill level 1 in Armour
  4450 | D:5      | Reached skill level 1 in Invocations
  4497 | D:5      | Reached skill level 8 in Polearms
  4623 | D:5      | Gained mutation: You are immune to clouds of flame.
                  | [demonic ancestry]
  4623 | D:5      | Reached XP level 8. HP: 30/58 MP: 8/10
  4845 | D:5      | Found a shattered altar of Ashenzari.
  5717 | D:6      | Reached ** piety under Qazlal
  5724 | D:6      | Found Notar's Assorted Antiques.
  6618 | D:7      | Identified a scroll of acquirement
  6673 | D:7      | Reached skill level 5 in Fighting
  6673 | D:7      | Gained mutation: You sometimes gain power by taking damage.
                  | [demonic ancestry]
  6673 | D:7      | Reached XP level 9. HP: 45/67 MP: 12/12
  6763 | D:7      | Reached skill level 9 in Polearms
  7086 | D:7      | Noticed Menkaure
  7092 | D:7      | Killed Menkaure
  7390 | D:7      | Noticed a two-headed ogre
  7409 | D:7      | HP: 2/67 [two-headed ogre/+0 giant club (7)]
  7410 | D:7      | Killed a two-headed ogre
  7410 | D:7      | Reached skill level 5 in Armour
  7410 | D:7      | Reached skill level 5 in Invocations
  8190 | D:8      | HP: 3/71 [poisoned by a killer bee]
  8485 | D:8      | HP: 5/106 [poisoned by a killer bee]
  8487 | D:8      | HP: 1/106 [poisoned by a killer bee]
  8489 | D:8      | Succumbed to a killer bee's poison

Levels and vault maps discovered:
D:1:      minmay_arrival_open_corners, layout_loops_ring
D:2:      layout_loops_ring, lemuel_round_altar,
          nicolae_qazlal_style_of_elements, overflow_temple_1_default,
          first_ration, hex_medium, chequers_serial_rivers_room_a,
          minmay_misc_feat_encased
D:3:      layout_loops_ring
D:4:      layout_basic, minmay_temple_entry_stoned_glass, xom_redecorated,
          uniq_robin
D:5:      layout_loops_ring, marbit_many_paths, uniq_sigmund
D:6:      layout_basic, serial_shops, nicolae_shop_waterfront
D:7:      layout_cave_pods, uniq_menkaure
D:8:      layout_cave_pods
Temple:   nicolae_temple_no_exploring_needed

Skill      XL: |  1  2  3  4  5  6  7  8  9 |
---------------+----------------------------+-----
Polearms       | 3 4 5 6 7 8 9 |  9.6
Armour         | 1 4 5 |  5.5
Invocations    | 2 4 6 |  6.6
Fighting       | 3 5 6 |  6.4
Throwing       | |  1.7
Dodging        | |  2.6

Action                   |  1- 3 |  4- 6 |  7- 9 || total
-------------------------+-------+-------+-------++-------
Melee: Trident           |   122 |   233 |    24 ||   379
       Scythe            |       |       |   316 ||   316
       Halberd           |       |       |     8 ||     8
  Use: Potion            |     2 |       |     5 ||     7
       Scroll            |       |     9 |     6 ||    15
 Stab: Distracted        |       |     1 |       ||     1
  Eat: Chunk             |     1 |     9 |    14 ||    24
Armor: Leather armour    |     5 |       |       ||     5
       Ring mail         |    44 |     5 |       ||    49
       Scale mail        |       |    54 |   199 ||   253
       Skin              |       |    13 |    11 ||    24
Dodge: Dodged            |    70 |    69 |   277 ||   416
Block: Other             |       |     4 |    43 ||    47

Table legend:
 A = Non-vault XP
 B = Vault XP
 C = Vault XP percentage of total XP
 D = Non-vault monster count
 E = Vault monster count
 F = Vault count percentage of total count
                 A         B        C        D         E       F
            +---------+---------+-------+---------+---------+-------
      Total |    4927 |     442 |   8.2 |     142 |      13 |   8.4
            +---------+---------+-------+---------+---------+-------
        D:1 |      34 |       0 |   0.0 |      19 |       0 |   0.0
        D:2 |      78 |       0 |   0.0 |      17 |       0 |   0.0
        D:3 |     133 |       0 |   0.0 |       9 |       0 |   0.0
        D:4 |     429 |      33 |   7.1 |      17 |      10 |  37.0
        D:5 |     567 |     226 |  28.5 |      20 |       2 |   9.1
        D:6 |     973 |       0 |   0.0 |      26 |       0 |   0.0
        D:7 |    1826 |     183 |   9.1 |      16 |       1 |   5.9
        D:8 |     887 |       0 |   0.0 |      18 |       0 |   0.0
            +---------+---------+-------+---------+---------+-------
